 Dungeon Crawl Stone Soup version 0.18-a0-1797-gc18daef (webtiles) character file.

1085 epen the Insei (level 8, -13/54 HPs)
             Began as an Octopode Monk on Apr 22, 2016.
             Shot with an arrow by a centaur (17 damage)
             ... on level 6 of the Dungeon.
             The game lasted 00:09:56 (6245 turns).

epen the Insei (Octopode Monk)                      Turns: 6245, Time: 00:09:57

Health: -13/54     AC:  2    Str: 10    XL:     8   Next: 30%
Magic:  8/8        EV: 15    Int: 13    God:
Gold:   345        SH:  0    Dex: 14    Spells: 0 memorised, 7 levels left

rFire  . . .     SeeInvis .       - Unarmed
rCold  . . .     Gourm    +     (no shield)
rNeg   . . .     Faith    .     (helmet restricted)
rPois  .         Spirit   .     l - amulet of the gourmand (curse)
rElec  .         Dismiss  .     e - ring of stealth
rCorr  .         Reflect  .     C - ring of stealth
SustAt .         Harm     .     (no ring)
MR     .....                    (no ring)
Stlth  +++++++...               (no ring)
                                (no ring)
                                (no ring)
                                (no ring)

@: not resistant to hostile enchantments, extremely stealthy
A: almost no armour, amphibious, 8 rings, constrict 8, tentacle spike 1,
camouflage 1, blurry vision 1, clumsy 1, deterioration 1, high mp 1, shaggy fur
1, gelatinous body 1
a: no special abilities


You were on level 6 of the Dungeon.
You were very full.

You visited 1 branch of the dungeon, and saw 6 of its levels.

You collected 345 gold pieces.

Inventory:

Missiles
 g - 2 poisoned javelins (quivered)
Magical Staves
 y - a cursed staff of energy {unknown}
Jewellery
 e - a ring of stealth (left tentacle)
 l - a cursed amulet of the gourmand (around mantle)
 C - a ring of stealth (right tentacle)
Wands
 k - a wand of flame (22/48)
 A - a wand of polymorph (11/24)
Scrolls
 b - a scroll of blinking {unknown}
 f - a scroll of recharging
 i - 2 scrolls of remove curse
 m - a scroll of magic mapping
 p - 2 scrolls of fog {unknown}
 w - a scroll of enchant armour
Potions
 d - a potion of berserk rage
 h - 2 potions of heal wounds
 j - 2 potions of mutation {unknown}
 n - a potion of agility {unknown}
 q - a potion of brilliance
 r - a potion of cancellation
 s - 3 potions of curing {unknown}
 t - 2 potions of haste
 u - a potion of resistance {unknown}
 z - a potion of flight {unknown}
Comestibles
 a - 3 bread rations
 c - 4 meat rations
 o - 3 fruits
 v - a royal jelly
 B - a beef jerky


   Skills:
 + Level 4.9 Fighting
 * Level 6.4 Dodging
 + Level 6.0 Stealth
 * Level 6.6 Unarmed Combat


You had 7 spell levels left.
You didn't know any spells.

Dungeon Overview and Level Annotations

Branches:
Dungeon (6/15)
 Temple: D:4-7

Altars:
Dithmenos
Fedhas
Okawaru
Ru
Vehumet
Zin


Innate Abilities, Weirdness & Mutations

You cannot wear most types of armour.
You are amphibious.
You can wear up to eight rings at the same time.
You can use your tentacles to constrict eight enemies at once.
Your skin changes colour to match your surroundings (Stealth).
Your rubbery body absorbs attacks (AC +1).
One of your tentacles bears a spike.
Scrolls take you a little longer to read.
You are clumsy. (Dex -2)
Your body sometimes deteriorates upon taking damage.
You have an increased reservoir of magic (+10% MP).
You are covered in fur (AC +1).


Message History

You now have 345 gold pieces (gained 13).
You start waiting.
Done waiting.
The centaur shouts!
The centaur wields a shortbow.
The centaur shoots an arrow.
The arrow hits you!
You hear a splash.
The centaur shoots an arrow.
The arrow hits you!
You hear a splash.
You see here 2 arrows.
The centaur shoots an arrow.
The arrow hits you!
You hear a splash.
You see here an arrow.
The centaur shoots an arrow.
The arrow hits you.
You hear a splash.
You see here an arrow.
The centaur shouts!
The centaur shoots an arrow.
The arrow hits you!
* * * LOW HITPOINT WARNING * * *
The centaur wields a shortbow.
The centaur shoots an arrow.
The arrow hits you!
You die...

###≈ ≈≈≈≈≈≈≈≈.......†....#
...≈≈ ≈≈≈≈≈≈≈≈............#
##.≈≈ ≈≈≈≈≈≈≈≈........#...#
...≈ ≈≈≈≈≈≈≈≈≈........#...#
###≈≈≈≈≈.c.≈≈≈≈≈.....#.>#...#
...≈≈≈≈≈...≈c≈≈≈.....####...#
#.# ##.≈≈≈≈≈.(.≈≈≈≈≈.#####
##.####.# #.≈≈≈≈≈≈≈≈≈≈≈≈≈.#
#.##.#.# #.≈≈≈≈≈≈≈≈c≈≈≈≈@#
#....#.# #.≈≈≈≈≈≈≈≈≈≈≈≈(.#
####.#.# #.≈≈≈≈≈≈≈≈≈≈≈≈≈##
#...#.# ##.≈≈≈≈≈≈≈≈≈((≈≈#
#.###.. ...........######
#...... ...######### ##++###
...# ...# ...#


You could see 3 centaurs.

Vanquished Creatures
  A black bear (D:5)
  An orc warrior (D:6)
  A sky beast (D:6)
  An ice beast (D:5)
  A centaur (D:5)
  2 giant frogs (D:6)
  A gnoll sergeant (D:5)
  2 scorpions (D:4)
  2 giant frog zombies
  A hound (D:5)
  2 orc wizards (D:6)
  A worker ant (D:5)
  3 gnolls (D:6)
  3 adders
  A howler monkey skeleton (D:5)
  An ooze (D:3)
  2 worms
  3 dart slugs
  4 giant geckos
  14 orcs
  2 ball pythons
  4 giant cockroaches
  5 goblins
  4 hobgoblins
  6 jackals (D:1)
  9 kobolds
  3 quokkas
  5 bats
  A giant cockroach zombie (D:5)
  A giant gecko zombie (D:5)
  6 giant newts
  A jackal skeleton (D:6)
  4 rats
98 creatures vanquished.

Notes
Turn   | Place    | Note
--------------------------------------------------------------
     0 | D:1      | epen the Octopode Monk began the quest for the Orb.
     0 | D:1      | Reached XP level 1. HP: 16/16 MP: 1/1
    59 | D:1      | Reached XP level 2. HP: 10/21 MP: 2/2
   673 | D:1      | Reached XP level 3. HP: 23/26 MP: 3/3
  1778 | D:3      | Reached XP level 4. HP: 28/31 MP: 4/4
  2107 | D:2      | Reached XP level 5. HP: 36/37 MP: 5/5
  2205 | D:2      | Found a shadowy altar of Dithmenos.
  2205 | D:2      | Found a blossoming altar of Fedhas.
  2402 | D:3      | Found a glowing silver altar of Zin.
  2403 | D:3      | Found a radiant altar of Vehumet.
  2403 | D:3      | Found an iron altar of Okawaru.
  2446 | D:3      | Found a sacrificial altar of Ru.
  2865 | D:4      | Noticed a phantom
  3355 | D:4      | Reached skill level 5 in Unarmed Combat
  3355 | D:4      | Reached XP level 6. HP: 31/43 MP: 6/6
  3536 | D:4      | Noticed a phantom
  3839 | D:5      | Entered Level 5 of the Dungeon
  4334 | D:5      | Noticed an ice beast
  4357 | D:5      | Killed an ice beast
  4357 | D:5      | Reached skill level 5 in Dodging
  4522 | D:5      | Reached skill level 5 in Stealth
  4522 | D:5      | Reached XP level 7. HP: 21/48 MP: 7/7
  5612 | D:6      | Gained mutation: One of your tentacles bears a spike. [mutagenic meat]
  5613 | D:6      | Gained mutation: You are covered in fur (AC +1). [mutagenic meat]
  5614 | D:6      | Gained mutation: Scrolls take you a little longer to read. [mutagenic meat]
  5615 | D:6      | Gained mutation: Your body sometimes deteriorates upon taking damage. [mutagenic meat]
  5616 | D:6      | Gained mutation: You have an increased reservoir of magic (+10% MP). [mutagenic meat]
  5617 | D:6      | Gained mutation: You are clumsy. (Dex -2) [mutagenic meat]
  5754 | D:5      | Reached XP level 8. HP: 31/54 MP: 8/8
  6245 | D:6      | Shot with an arrow by a centaur

Vault maps used:
D:1:      minmay_arrival_doors
D:2:      gammafunk_temple_overflow_pools
D:3:      nicolae_overflow_quartered_altars
D:4:      first_bread
D:5:      kennysheep_spiral_hall
D:6:      nicolae_whirlpool, led_sif_pool, basic_altar, kennysheep_dice

Skill      XL: |  1  2  3  4  5  6  7  8 |
---------------+-------------------------+-----
Stealth        | 3 4 5 6 |  6.0
Dodging        | 4 5 6 |  6.4
Unarmed Combat | 5 6 |  6.6
Fighting       | 4 |  4.9

Action                   |  1- 3 |  4- 6 |  7- 9 || total
-------------------------+-------+-------+-------++-------
Melee: Unarmed           |    81 |   117 |    77 ||   275
       Constrict         |    23 |    24 |    15 ||    62
       Tentacles         |     8 |    23 |    10 ||    41
       Punch             |       |     5 |     5 ||    10
       Kick              |       |       |     9 ||     9
Throw: Javelin           |       |     1 |       ||     1
  Use: Scroll            |       |    10 |     2 ||    12
       Potion            |       |     1 |       ||     1
 Stab: Sleeping          |     7 |    17 |    10 ||    34
       Distracted        |     1 |       |       ||     1
  Eat: Chunk             |     1 |    12 |    14 ||    27
       Royal jelly       |       |     1 |       ||     1
       Fruit             |       |     1 |       ||     1
Armor: Skin              |     3 |     7 |       ||    10
Dodge: Dodged            |    52 |    61 |    33 ||   146
